AoeStats
← VZWVH

Arena

510723487Analyzed
1v1 RM · 7h ago on Oct 2, 2026· 26m 1s· 2 players
Game mode
Random Map
Map size
Tiny (2 player)
Population
200
Speed
Normal
Resources
Standard
Victory
Conquest
Starting age
Dark Age
Ending age
Imperial Age
RankedLock teamsTeams togetherTeam positionsShared explorationLock speedFull tech treeHidden civsTurbo modeCheats
Victory
Defeat
🇨🇳 Hindustanis · China
1011
+14
🇫🇷 Bohemians · France
977
-14
VZWVH
12:05 Feudal Age
16:48 Castle Age
15:05 Double-Bit Axe
15:01 Horse Collar
18:05 Wheelbarrow
18:19 Bow Saw
23:14 Imperial Age
22:16 Chemistry
21:22 Heavy Plow
23:32 Loom
24:02 Hand Cart
24:11 Pikeman
24:53 Squires
飞鱼
11:31 Feudal Age
16:01 Castle Age
14:33 Double-Bit Axe
14:52 Horse Collar
15:49 Gold Mining
16:13 Stone Mining
17:33 Bow Saw
22:20 Scale Mail Armor
25:02 Chain Mail Armor
24:58 Forging
Connection lost

Rejoining the realm…

Still unreachable

The connection could not be restored.

Session expired

The server has moved on; the page needs a fresh start.